 Dungeon Crawl Stone Soup version 0.24-a0-493-g7e4ddcd485 (webtiles) character file.

Game seed: 9806072527527823285

21642 KristoblXynda the Carver (level 12, -7/156 HPs)
             Began as a Green Draconian Gladiator on July 12, 2019.
             Was an Initiate of Gozag.
             Killed by divine providence
             ... invoked by a smoke demon
              (11 damage)
             ... on level 1 of the Abyss.
             The game lasted 00:33:59 (15001 turns).

KristoblXynda the Carver (DrGl)                    Turns: 15001, Time: 00:34:00

Health: -7/156     AC: 12    Str: 24    XL:     12   Next: 56%
Magic:  0/29       EV: 20    Int:  8    God:    Gozag
Gold:   2295       SH:  0    Dex: 17    Spells: 18/22 levels left

rFire    . . .     SeeInvis .   c - +1 triple sword (freeze)
rCold    + + .     Gourm    .   (shield currently unavailable)
rNeg     . . .     Faith    .   (armour unavailable)
rPois    +         Spirit   +   b - +1 hat
rElec    .         Reflect  .   (no cloak)
rCorr    .         Harm     .   y - +1 pair of gloves
MR       .....     Rnd*Tele +   L - +0 pair of boots
Stlth    ..........             G - amulet of guardian spirit
HPRegen  0.36/turn              g - +1 ring of evasion
MPRegen  0.21/turn              a - ring of Bepnautokk {MP+9 Dex+5}

@: berserking, liquid flames, glowing, very quick
A: breathe noxious fumes, unfitting armour, horns 1, cold resistance 2, [dopey
2], poison resistance, [screaming 2], [teleportitis 2], [no potion heal 2],
cold-blooded, MP-powered wands, AC +8
a: Breathe Noxious Fumes, Potion Petition, Call Merchant, Bribe Branch, Renounce
Religion


You were on level 1 of the Abyss.
You worshipped Gozag.
Gozag was most pleased with you.
You were not hungry.

You visited 2 branches of the dungeon, and saw 13 of its levels.
You visited the Abyss 1 time.
You also visited: Gauntlet and Ice Cave.

You collected 2428 gold pieces.
You paid 133 gold pieces to Gozag.

Inventory:

Hand Weapons
 c - a +1 triple sword of freezing (weapon)
 w - a +3 great sword of freezing
 F - a +3 long sword
Armour
 b - a +1 hat (worn)
 y - a +1 pair of gloves (worn)
 L - a +0 pair of boots (worn)
Jewellery
 a - the ring of Bepnautokk (right hand) {MP+9 Dex+5}
   (You found it in a Gauntlet)

   [ring of magical power]

   It affects your dexterity (+5).
   It affects your magic capacity (+9).
 g - a +1 ring of evasion (left hand)
 i - an uncursed ring of poison resistance
 q - an uncursed ring of protection from cold
 A - an uncursed ring of wizardry
 B - the amulet "Obboq" {Acrobat MP+9}
   (You found it in a Gauntlet)

   [amulet of the acrobat]

   It helps you evade while moving and waiting.
   It affects your magic capacity (+9).
 E - an uncursed ring of protection from magic
 G - an amulet of guardian spirit (around neck)
 M - an uncursed ring of flight
Wands
 o - a wand of disintegration (16)
 p - a wand of paralysis (8)
 r - a wand of digging (8)
 u - a wand of clouds (2)
 z - a wand of acid (14)
Scrolls
 e - 6 scrolls of immolation
 l - 3 scrolls of remove curse
 t - 3 scrolls of teleportation
 v - 3 scrolls of fear
 D - a scroll of enchant armour
 H - a scroll of fog
Potions
 f - 4 potions of flight
 h - 3 potions of might
 j - 4 potions of haste
 k - 2 potions of agility
 m - 2 potions of mutation
 n - 2 potions of cancellation
 s - a potion of invisibility
 x - 2 potions of brilliance
 K - a potion of resistance
Miscellaneous
 C - a fan of gales (inert)
 I - a crystal ball of energy
Comestibles
 d - 16 rations


   Skills:
 - Level 9.0 Fighting
 + Level 12.4 Long Blades
 - Level 2.0 Throwing
 + Level 9.9 Dodging
 + Level 5.8 Spellcasting
 + Level 9.6 Evocations


You had 18 spell levels left.
You knew the following spells:

 Your Spells              Type           Power        Failure   Level  Hunger
a - Apportation           Tloc           #.....       24%         1    #......
b - Tukima's Dance        Hex            #.......     58%         3    ###....

Your spell library contained the following spells:

 Spells                   Type           Power        Failure   Level  Hunger
 Corona                   Hex            #......      24%         1    #......
 Summon Butterflies       Summ           #.......     24%         1    #......
 Summon Small Mammal      Summ           #...         24%         1    #......
 Call Imp                 Summ           #.......     36%         2    ##.....
 Slow                     Hex            #.......     36%         2    ##.....
 Call Canine Familiar     Summ           #.......     58%         3    ###....
 Gell's Gravitas          Tloc           #.........   58%         3    ###....
 Inner Flame              Hex/Fire       #.......     58%         3    ###....
 Lesser Beckoning         Tloc           #.........   58%         3    ###....
 Portal Projectile        Hex/Tloc       #.....       58%         3    ###....
 Summon Guardian Golem    Hex/Summ       #.......     58%         3    ###....
 Cause Fear               Hex            #.........   94%         4    #####..
 Force Lance              Conj/Tloc      #.......     94%         4    #####..
 Leda's Liquefaction      Hex/Erth       #.........   94%         4    #####..
 Summon Ice Beast         Ice/Summ       #.......     94%         4    #####..
 Summon Lightning Spire   Summ/Air       #.......     94%         4    #####..
 Alistair's Intoxication  Tmut/Pois      #.......     100%        5    ######.
 Dispersal                Tloc           #.........   100%        6    #######
 Invisibility             Hex            #.......     100%        6    #######
 Controlled Blink         Tloc           N/A          100%        8    #######
 Disjunction              Tloc           #.........   100%        8    #######


Dungeon Overview and Level Annotations

Branches:
Dungeon (12/15)            Temple (1/1) D:6            Lair (0/6) D:8
    Orc (0/2) D:11

Altars:
Ashenzari
Cheibriados
Dithmenos
Elyvilon
Fedhas
Gozag
Hepliaklqana
Kikubaaqudgha
Makhleb
Nemelex Xobeh
Okawaru
Qazlal
Ru
Sif Muna
Trog
Uskayaw
Vehumet
Wu Jian
Xom
Yredelemnul
Zin
The Shining One
Beogh

Shops:
D:6 (   D:9 :

Annotations:
D:9 2 runed translucent doors, Lanoc's ghost, novice OpMo
D:12 Sonja


Innate Abilities, Weirdness & Mutations

You can breathe blasts of noxious fumes.
Your lurid green scales are hard. (AC +8)
You cannot fit into any form of body armour.
Your system is resistant to poisons. (rPois)
You are cold-blooded and may be slowed by cold attacks.
You have a pair of small horns on your head.
Your flesh is very cold resistant. (rC++)
You expend magic power (3 MP) to strengthen your wands.
[You are very dopey. (Int -4)]
[You sometimes yell uncontrollably at your foes.]
[You are sometimes teleported next to monsters.]
[Potions are poor at restoring your health.]


Message History

* * * LOW HITPOINT WARNING * * *
The smoke demon hits you.
* * * LOW HITPOINT WARNING * * *
The smoke demon completely misses you. The smoke demon closely misses you.
You completely miss the smoke demon. Your headbutt misses the smoke demon.
The smoke demon is heavily wounded.
You are covered in liquid flames!
* * * LOW HITPOINT WARNING * * *
The smoke demon gestures at you. The sticky flame hits you!
You are covered in liquid flames!
* * * LOW HITPOINT WARNING * * *
A red film seems to cover your vision as you go berserk!
You feel yourself moving faster!
You feel mighty!
You are covered in liquid flames!
* * * LOW HITPOINT WARNING * * *
The smoke demon gestures at you. Something smites you!
You die...
Your body crumbles into a pile of gold.

$ $ $ # # .
..[. .## ##. #
..# #ยง#######
..#.#
.....#.##....#
#..*@.##..#
##.3#....##
#...##.###
##....##
##...# #.. . .
###..#.
........ ##
... #.


You could see a wretched star and a smoke demon.

Vanquished Creatures
  2 reapers
  A minotaur (Gauntlet)
  Harold (D:7)
  3 two-headed ogres
  An unseen horror (D:11)
  3 ugly things
  2 manticores
  2 ice statues (IceCv)
  An apocalypse crab (Abyss:1)
  A minotaur zombie (Gauntlet)
  10 ice devils (IceCv)
  An ancient zyme (Abyss:1)
  2 trolls
  A queen bee (Gauntlet)
  2 hippogriffs (D:7)
  6 flying skulls (Gauntlet)
  A spriggan (D:11)
  A vampire (D:8)
  4 yaks (D:12)
  A wyvern (D:11)
  2 vampire mosquitoes (D:12)
  Menkaure (D:7)
  Edmund (D:6)
  A water moccasin (D:9)
  Duvessa (D:7)
  4 sky beasts
  5 ice beasts
  2 black bears
  A hornet zombie (D:8)
  8 orc warriors
  A necrophage (D:11)
  A centaur (D:7)
  2 phantoms
  5 ogres
  9 bullfrogs
  A wyvern zombie (D:6)
  A wyvern skeleton (D:12)
  Dowan (D:7)
  A water moccasin skeleton (D:9)
  A scorpion (D:6)
  5 wights (D:9)
  11 killer bees
  5 howler monkeys
  A quasit (D:9)
  A centaur zombie (D:5)
  5 crimson imps
  2 bullfrog zombies
  11 orc priests
  7 orc wizards
  9 hounds
  3 jellies
  3 centaur skeletons
  4 iguanas
  11 worker ants
  3 worker ant zombies
  3 gnolls (D:4)
  15 adders
  5 shadow imps
  8 white imps (IceCv)
  6 ufetubi (IceCv)
  3 oozes
  An adder skeleton (D:4)
  An adder zombie (D:5)
  4 worms
  4 dart slugs
  5 leopard geckos
  61 orcs
  5 giant cockroaches
  4 goblins
  3 hobgoblins
  10 jackals
  6 quokkas
  4 bats (D:2)
  5 frilled lizards
  6 kobolds
  3 leopard gecko skeletons
  4 rats
342 creatures vanquished.

Vanquished Creatures (others)
  5 white imps (IceCv)
  6 demonic plants (Gauntlet)
  5 fungi (Gauntlet)
  A lurking horror (Abyss:1)
  6 plants (Gauntlet)
23 creatures vanquished.

Grand Total: 365 creatures vanquished

Notes
Turn   | Place    | Note
-------+----------+-------------------------------------------
     0 | D:1      | KristoblXynda the Draconian Gladiator began the quest for
                  | the Orb.
     0 | D:1      | Reached XP level 1. HP: 17/17 MP: 1/1
   131 | D:1      | Reached XP level 2. HP: 25/25 MP: 2/2
   678 | D:2      | Reached XP level 3. HP: 8/30 MP: 3/3
   898 | D:2      | Reached XP level 4. HP: 31/38 MP: 4/4
  1015 | D:2      | Reached skill level 4 in Long Blades
  1923 | D:3      | Noticed a bullfrog
  1927 | D:3      | Killed a bullfrog
  1927 | D:3      | Reached XP level 5. HP: 42/45 MP: 5/5
  2106 | D:4      | Noticed an ogre
  2132 | D:4      | Gained mutation: Your body sometimes deteriorates upon
                  | taking damage. [potion of mutation]
  2132 | D:4      | Gained mutation: You are agile. (Dex +2) [potion of
                  | mutation]
  2132 | D:4      | Gained mutation: Your flesh is cold resistant. (rC+)
                  | [potion of mutation]
  2134 | D:4      | Killed an ogre
  2134 | D:4      | Reached skill level 5 in Long Blades
  2134 | D:4      | Reached XP level 6. HP: 13/52 MP: 6/6
  2824 | D:4      | Found a blossoming altar of Fedhas.
  2924 | D:4      | Reached skill level 6 in Long Blades
  2924 | D:4      | Your scales start taking on a lurid green colour.
  2924 | D:4      | Reached XP level 7. HP: 49/60 MP: 7/7
  2924 | D:4      | Gained mutation: Your system is resistant to poisons.
                  | (rPois) [Green Draconian growth]
  3412 | D:5      | Entered Level 5 of the Dungeon
  3608 | D:5      | Reached skill level 1 in Evocations
  3722 | D:5      | Reached skill level 5 in Fighting
  3934 | D:5      | Found an ornate altar of the Wu Jian Council.
  3981 | D:5      | Reached skill level 7 in Long Blades
  3981 | D:5      | Reached XP level 8. HP: 51/68 MP: 9/9
  4323 | D:5      | Found an ancient bone altar of Kikubaaqudgha.
  4334 | D:5      | Reached skill level 5 in Dodging
  4972 | D:6      | Noticed Edmund
  5020 | D:6      | Killed Edmund
  5321 | D:6      | Found a staircase to the Ecumenical Temple.
  5495 | D:6      | Reached skill level 8 in Long Blades
  5562 | D:6      | Found Facaeph's Antique Weapon Boutique.
  5722 | D:6      | Found a glowing golden altar of the Shining One.
  5722 | D:6      | Found a basalt altar of Yredelemnul.
  5722 | D:6      | Found a shadowy altar of Dithmenos.
  6341 | D:7      | Noticed a hippogriff
  6343 | D:7      | Noticed a hippogriff
  6364 | D:7      | Killed a hippogriff
  6369 | D:7      | Killed a hippogriff
  6369 | D:7      | Reached XP level 9. HP: 50/78 MP: 11/11
  6757 | D:7      | Noticed Menkaure
  6774 | D:7      | Killed Menkaure
  6817 | D:6      | Reached skill level 9 in Long Blades
  6827 | Temple   | Entered the Ecumenical Temple
  6925 | Temple   | Became a worshipper of Gozag Ym Sagoz the Greedy
  7373 | D:7      | Noticed Harold
  7377 | D:7      | Noticed Duvessa
  7407 | D:7      | Killed Harold
  7407 | D:7      | Reached skill level 5 in Evocations
  7408 | D:7      | Killed Duvessa
  7409 | D:7      | Noticed Dowan
  7426 | D:7      | Killed Dowan
  7786 | D:8      | Reached skill level 10 in Long Blades
  7786 | D:8      | Reached XP level 10. HP: 86/86 MP: 13/13
  8048 | D:8      | Found a staircase to the Lair.
  8138 | D:8      | Noticed a two-headed ogre
  8151 | D:8      | Killed a two-headed ogre
  8519 | D:9      | Found a shattered altar of Ashenzari.
  8591 | D:9      | Found a large runed translucent door.
  8591 | D:9      | Found a large runed translucent door.
  8593 | D:9      | Noticed Lanoc's ghost (novice OpMo)
  8841 | D:9      | Found an iron altar of Okawaru.
  8867 | D:9      | Found a stormy altar of Qazlal.
  8901 | D:9      | Learned a level 1 spell: Apportation
  8905 | D:9      | Learned a level 3 spell: Tukima's Dance
  9100 | D:9      | Found Eppep's Book Shoppe.
  9155 | D:9      | Identified the +8 spear of a sewer {pierce, rN++ Str-4
                  | Int+5}
  9370 | D:10     | Entered Level 10 of the Dungeon
  9702 | D:10     | Found a roughly hewn altar of Beogh.
 10348 | D:11     | Found a staircase to the Orcish Mines.
 10348 | D:11     | Noticed a two-headed ogre
 10349 | D:11     | Noticed a two-headed ogre
 10358 | D:11     | Killed a two-headed ogre
 10358 | D:11     | Reached XP level 11. HP: 95/96 MP: 7/16
 10360 | D:11     | Killed a two-headed ogre
 10360 | D:11     | Reached skill level 1 in Spellcasting
 10377 | D:11     | Reached skill level 11 in Long Blades
 10390 | D:11     | Found a gate leading to a gauntlet.
 10400 | Gauntlet | Entered a Gauntlet
 10400 | Gauntlet | Found a transporter.
 10571 | Gauntlet | Found a transporter.
 10573 | Gauntlet | Found a transporter.
 10573 | Gauntlet | Found a transporter.
 10588 | Gauntlet | Found a transporter.
 10603 | Gauntlet | Found a transporter.
 10606 | Gauntlet | Found a large runed translucent door.
 10606 | Gauntlet | Found a large runed translucent door.
 10607 | Gauntlet | Found a large runed translucent door.
 10607 | Gauntlet | Found a large runed translucent door.
 10608 | Gauntlet | Found a runed translucent door.
 10608 | Gauntlet | Found a large runed translucent door.
 10609 | Gauntlet | Found a transporter.
 10610 | Gauntlet | Found a runed translucent door.
 10611 | Gauntlet | Found a large runed translucent door.
 10611 | Gauntlet | Found a large runed translucent door.
 10611 | Gauntlet | Found a large runed translucent door.
 10612 | Gauntlet | Found a large runed translucent door.
 10613 | Gauntlet | Found a large runed translucent door.
 10618 | Gauntlet | Found a large runed translucent door.
 10618 | Gauntlet | Found a large runed translucent door.
 10620 | Gauntlet | Found a large runed translucent door.
 10620 | Gauntlet | Found a large runed translucent door.
 10620 | Gauntlet | Found a large runed translucent door.
 10622 | Gauntlet | Found a runed translucent gate.
 10622 | Gauntlet | Found a runed translucent gate.
 10622 | Gauntlet | Found a runed translucent gate.
 10624 | Gauntlet | Found a transporter.
 10635 | Gauntlet | Found a large runed translucent door.
 10643 | Gauntlet | Found a transporter.
 10643 | Gauntlet | Noticed a reaper
 10655 | Gauntlet | Found a transporter.
 10655 | Gauntlet | Noticed a reaper
 10667 | Gauntlet | Found a transporter.
 10667 | Gauntlet | Noticed an entropy weaver
 10676 | Gauntlet | Found a transporter.
 10684 | Gauntlet | Noticed a cacodemon
 10688 | Gauntlet | Noticed a glowing orange brain
 10691 | Gauntlet | Found a transporter.
 10697 | Gauntlet | Found a transporter.
 10706 | Gauntlet | Noticed a glowing orange brain
 10715 | Gauntlet | Noticed a purple ugly thing
 10736 | Gauntlet | Found a transporter.
 10738 | Gauntlet | Found a transporter.
 10788 | Gauntlet | Found a transporter.
 10788 | Gauntlet | Found a transporter.
 11014 | Gauntlet | Killed a reaper
 11132 | Gauntlet | Got a scorched steel ring
 11134 | Gauntlet | Got a pitted pewter amulet
 11175 | Gauntlet | Identified the ring of Bepnautokk {MP+9 Dex+5} (You found
                  | it in a Gauntlet)
 11308 | Gauntlet | Noticed a minotaur
 11339 | Gauntlet | Killed a minotaur
 11663 | Gauntlet | Identified the amulet "Obboq" {Acrobat MP+9} (You found it
                  | in a Gauntlet)
 11969 | D:11     | Noticed a cyan ugly thing
 11988 | D:11     | Killed a cyan ugly thing
 12468 | D:11     | Lost mutation: You are agile. (Dex +2) [potion of mutation]
 12468 | D:11     | Gained mutation: You are frail. (-10% HP) [potion of
                  | mutation]
 12468 | D:11     | Gained mutation: You are resistant to electric shocks.
                  | (rElec) [potion of mutation]
 12468 | D:11     | Gained mutation: Your mind is acute. (Int +2) [potion of
                  | mutation]
 12483 | D:11     | Lost mutation: Your mind is acute. (Int +2) [potion of
                  | mutation]
 12483 | D:11     | Lost mutation: Your body sometimes deteriorates upon taking
                  | damage. [potion of mutation]
 12483 | D:11     | Lost mutation: You are resistant to electric shocks.
                  | (rElec) [potion of mutation]
 12483 | D:11     | Lost mutation: You are frail. (-10% HP) [potion of
                  | mutation]
 12483 | D:11     | Gained mutation: You have a pair of small horns on your
                  | head. [potion of mutation]
 12483 | D:11     | Gained mutation: You expend magic power (3 MP) to
                  | strengthen your wands. [potion of mutation]
 12483 | D:11     | Gained mutation: Your flesh is very cold resistant. (rC++)
                  | [potion of mutation]
 12759 | D:11     | Noticed a purple ugly thing
 12769 | D:11     | Killed a purple ugly thing
 13097 | D:11     | Killed an unseen horror
 13322 | D:12     | Noticed Sonja
 13331 | D:12     | Reached XP level 12. HP: 88/104 MP: 18/18
 13379 | D:12     | Found a frozen archway.
 13388 | IceCv    | Entered an ice cave
 13821 | IceCv    | Reached skill level 12 in Long Blades
 13856 | IceCv    | Reached skill level 5 in Spellcasting
 13857 | IceCv    | HP: 4/104 [something (3)]
 14146 | IceCv    | Noticed a reaper
 14154 | IceCv    | Killed a reaper
 14803 | D:12     | Cast into level 1 of the Abyss (Sonja)
 14803 | Abyss:1  | Found a corrupted altar of Lugonu.
 15000 | Abyss:1  | HP: 5/104 [smoke demon/sticky flame (7)]
 15001 | Abyss:1  | Killed from afar by a smoke demon

Levels and vault maps discovered:
D:1:      matt_arrival_spirals, layout_basic
D:2:      layout_loops_ring, first_ration, grunt_decor_fettered,
          minmay_pentomino_o4
D:3:      layout_rooms
D:4:      layout_cave_pools, old_standard_altar
D:5:      layout_loops_cross, kiku_gazebo_garden_becter, lemuel_crystal_altar,
          minmay_increasing_density
D:6:      layout_loops_corners, gammafunk_temple_overflow_forgotten,
          minmay_temple_entry_from_below_b, serial_shops,
          nicolae_shop_temple_entry_statues_fountains, grunt_ministairs_10,
          minmay_strange_pillars, uniq_edmund
D:7:      layout_rooms, dk_vineyard_3, kennysheep_pointless_box, uniq_harold,
          uniq_menkaure, uniq_duvessa
D:8:      layout_basic, dpeg_oklobed_lair
D:9:      layout_rooms, lemuel_crystal_altar, okawaru_metal_pillars_1_2,
          serial_shops, shop_fountains, ebering_ghost_disaster_area,
          minivault_10, grunt_qazlal_sundering
D:10:     layout_gridville, special_room [special_room_orc]
D:11:     layout_roguey, david_orc_3, gauntlet_entry_generic, the_bakery,
          minmay_puff
D:12:     layout_basic, portal_ice_cave_entry_pillars_2, gammafunk_ghost_grave,
          uniq_sonja
Temple:   minmay_temple_curvy_branch
Abyss:1

Skill      XL: |  1  2  3  4  5  6  7  8  9 10 11 12 |
---------------+-------------------------------------+-----
Throwing       | 2 |  2.0
Dodging        | 3 4 5 6 7 9 |  9.9
Fighting       | 3 4 5 6 7 9 |  9.0
Long Blades    | 4 5 6 7 8 10 11 12 | 12.4
Evocations     | 2 3 5 7 8 9 |  9.6
Spellcasting   | 4 5 |  5.8

Action                   |  1- 3 |  4- 6 |  7- 9 | 10-12 || total
-------------------------+-------+-------+-------+-------++-------
Melee: Long sword        |   101 |   134 |   371 |    94 ||   700
       Tailslap          |    17 |    27 |    82 |   105 ||   231
       Great sword       |       |       |       |   374 ||   374
       Headbutt          |       |       |       |    69 ||    69
       Triple sword      |       |       |       |    58 ||    58
Throw: Throwing net      |       |       |       |     4 ||     4
 Abil: Breathe Noxious F |       |       |    18 |    20 ||    38
Evoke: Wand              |       |       |     3 |    34 ||    37
       Fan of gales      |       |       |       |     1 ||     1
  Use: Potion            |     2 |     1 |     2 |    13 ||    18
       Scroll            |       |     4 |     4 |    16 ||    24
 Stab: Sleeping          |     1 |       |     1 |     2 ||     4
       Confused          |       |       |    14 |    10 ||    24
       Paralysed         |       |       |     8 |       ||     8
       Distracted        |       |       |     1 |     1 ||     2
       Held in net/web   |       |       |       |     3 ||     3
  Eat: Ration            |       |     1 |     3 |     9 ||    13
       Chunk             |       |     3 |     9 |       ||    12
Armor: Skin              |    30 |    43 |    72 |   158 ||   303
Dodge: Dodged            |    91 |   106 |   288 |   487 ||   972
       Rpst.: Long sword |    25 |    34 |    77 |    18 ||   154
       Great sword       |       |       |       |    82 ||    82
       Triple sword      |       |       |       |    18 ||    18

Table legend:
 A = Non-vault XP
 B = Vault XP
 C = Vault XP percentage of total XP
 D = Non-vault monster count
 E = Vault monster count
 F = Vault count percentage of total count
                 A         B        C        D         E       F
            +---------+---------+-------+---------+---------+-------
      Total |   16547 |   14371 |  46.5 |     249 |      93 |  27.2
            +---------+---------+-------+---------+---------+-------
        D:1 |      27 |       0 |   0.0 |      10 |       0 |   0.0
        D:2 |      79 |       6 |   7.1 |      23 |       3 |  11.5
        D:3 |     143 |       0 |   0.0 |      13 |       0 |   0.0
        D:4 |     629 |       0 |   0.0 |      32 |       0 |   0.0
        D:5 |     675 |     118 |  14.9 |      22 |       4 |  15.4
        D:6 |     634 |     184 |  22.5 |      13 |       3 |  18.8
        D:7 |    1520 |    1320 |  46.5 |      30 |       4 |  11.8
        D:8 |    1875 |       0 |   0.0 |      19 |       0 |   0.0
        D:9 |    1641 |       0 |   0.0 |      25 |       0 |   0.0
       D:10 |     942 |     488 |  34.1 |      16 |      27 |  62.8
       D:11 |    5042 |    1456 |  22.4 |      28 |      11 |  28.2
       D:12 |    2570 |       0 |   0.0 |      16 |       0 |   0.0
    Abyss:1 |     770 |       0 |   0.0 |       2 |       0 |   0.0
      IceCv |       0 |    5838 | 100.0 |       0 |      27 | 100.0
   Gauntlet |       0 |    4961 | 100.0 |       0 |      14 | 100.0
            +---------+---------+-------+---------+---------+-------
